 Dungeon Crawl Stone Soup version 0.20-a0-315-g8346a86 (webtiles) character file.

160 dondy the Chopper (level 5, -1/45 HPs)
             Began as a Hill Orc Monk on Dec 20, 2016.
             Slain by a gnoll
             ... wielding a +0 spear
              (6 damage)
             ... on level 3 of the Dungeon.
             The game lasted 00:05:59 (2750 turns).

dondy the Chopper (Hill Orc Monk)                   Turns: 2750, Time: 00:06:01

Health: -1/45      AC:  3    Str: 15    XL:     5   Next: 41%
Magic:  5/5        EV: 13    Int: 10    God:
Gold:   142        SH:  0    Dex: 13    Spells: 4/4 levels left

rFire  . . .     SeeInvis .     a - +0 hand axe
rCold  . . .     Gourm    .     b - +0 robe
rNeg   . . .     Faith    .     (no shield)
rPois  .         Spirit   .     (no helmet)
rElec  .         Reflect  .     k - +0 cloak
rCorr  .         Harm     .     (no gloves)
MR     .....                    (no boots)
Stlth  ++........               (no amulet)
                                (no ring)
                                (no ring)

@: no status effects
A: no striking features
a: no special abilities


You were on level 3 of the Dungeon.
You were not hungry.

You visited 1 branch of the dungeon, and saw 3 of its levels.

You collected 142 gold pieces.

Inventory:

Hand Weapons
 a - a +0 hand axe (weapon)
Armour
 b - a +0 robe (worn)
 k - a +0 cloak (worn)
Scrolls
 d - a scroll of recharging {unknown}
 i - a scroll of amnesia {unknown}
 j - 2 scrolls of identify {unknown}
 l - a scroll of fog {unknown}
 n - a scroll of magic mapping {unknown}
 o - a scroll of noise {unknown}
Potions
 e - 2 potions of degeneration {unknown}
 g - 2 potions of lignification {unknown}
 h - 4 potions of curing {unknown}
 p - a potion of might {unknown}
Comestibles
 c - a bread ration
 f - 4 chunks of flesh
 m - a royal jelly


   Skills:
 - Level 3.6 Fighting
 + Level 7.8 Axes
 - Level 2.4 Dodging
 - Level 1.5 Stealth


You had 4 spell levels left.
You didn't know any spells.

Dungeon Overview and Level Annotations

Branches:
Dungeon (3/15)

Altars:
Dithmenos

Annotations:
D:3 Robin


Message History

The gnoll hits you from afar with a spear.
You hit the gnoll.
The gnoll is moderately wounded.
The gnoll barely misses you.
The gnoll hits you from afar with a spear.
The gnoll hits you with a spear.
A hobgoblin comes into view. It is wielding a club.
You hit the gnoll.
The gnoll is moderately wounded.
The gnoll misses you.
The gnoll hits you from afar with a spear.
The gnoll hits you with a spear.
You slash the gnoll!
The gnoll is severely wounded.
The gnoll hits you from afar with a spear!
* * * LOW HITPOINT WARNING * * *
The gnoll hits you from afar with a spear.
* * * LOW HITPOINT WARNING * * *
The gnoll hits you with a spear.
You die...

# ## ..##.# #.# # ..
#.##.# #.# # #. #.##.#
#.# # #..#..#.# #.# #
###..#..#.#####.#######
......
.......................
#.####
#..#....######.######
#.# ####.g#.#..#.# #.# .
#
.....g.@#...#.###.####.#
..
......g.#..............#
.g#
.....%..##.##.#.#.######
..# ........##.# #.#..#
###
..............#.#.###.#
............#.##...##[#
......... ............##
#######... .............
....#...###.##


You could see 3 gnolls.

Vanquished Creatures
  Natasha (twice) (D:3)
  4 adders
  An ooze (D:3)
  2 worms
  2 dart slugs
  4 leopard geckos (D:2)
  4 giant cockroaches
  9 goblins
  4 hobgoblins
  3 jackals
  6 bats
  3 frilled lizards
  7 kobolds
  10 rats
61 creatures vanquished.

Notes
Turn   | Place    | Note
-------+----------+-------------------------------------------
     0 | D:1      | dondy the Hill Orc Monk began the quest for the Orb.
     0 | D:1      | Reached XP level 1. HP: 19/19 MP: 1/1
   307 | D:1      | Reached XP level 2. HP: 26/26 MP: 2/2
   898 | D:1      | Reached skill level 5 in Axes
  1072 | D:2      | Reached XP level 3. HP: 31/31 MP: 3/3
  1322 | D:2      | Reached skill level 6 in Axes
  1538 | D:2      | Reached XP level 4. HP: 37/39 MP: 4/4
  2130 | D:3      | Noticed Robin
  2219 | D:3      | Noticed Natasha
  2221 | D:3      | Found a shadowy altar of Dithmenos.
  2232 | D:3      | Killed Natasha
  2232 | D:3      | Reached skill level 7 in Axes
  2244 | D:3      | Reached XP level 5. HP: 21/45 MP: 5/5
  2511 | D:3      | Noticed Natasha
  2522 | D:3      | Killed Natasha
  2750 | D:3      | Slain by a gnoll

Vault maps used:
D:1:      dpeg_arrival_houses_and_road
D:2:      minmay_diamond_boxcup, nicolae_overflow_hidden_temple
D:3:      kennysheep_the_goblin_king, lemuel_crystal_altar, first_bread,
          uniq_natasha, uniq_iyjb, uniq_robin, uniq_terence

Skill      XL: |  1  2  3  4 |
---------------+-------------+-----
Axes           | 5 6 7 |  7.8
Fighting       | |  3.6
Dodging        | |  2.4
Stealth        | |  1.5

Action                   |  1- 3 |  4- 6 || total
-------------------------+-------+-------++-------
Melee: Hand axe          |   115 |   150 ||   265
 Stab: Sleeping          |     7 |     1 ||     8
  Eat: Chunk             |     2 |     4 ||     6
Armor: Robe              |    19 |    30 ||    49
Dodge: Dodged            |    71 |    89 ||   160
